 Dungeon Crawl Stone Soup version 0.29-a0-356-g7bc237e783 (webtiles) character file.

Game seed: 14909913593144733796

98 kevlar127 the Ruffian (level 4, -31/45 HPs)
             Began as a Troll Berserker on Apr 26, 2022.
             Was a Priest of Trog.
             Killed from afar by Ijyb (35 damage)
             ... with a bolt of acid
             ... on level 3 of the Dungeon.
             The game lasted 00:04:19 (1891 turns).

kevlar127 the Ruffian (Troll Berserker)             Turns: 1891, Time: 00:04:20

Health: -31/45     AC:  0    Str: 27    XL:     4   Next: 43%
Magic:  3/3        EV: 10    Int:  3    God:    Trog [***...]
Gold:   105        SH:  0    Dex:  9    Spells: 3/3 levels left

rFire   . . .      SeeInvis .     - Unarmed
rCold   . . .      Faith    .   (no shield)
rNeg    . . .      Spirit   .   a - +0 animal skin
rPois   .          Reflect  .   (helmet restricted)
rElec   .          Harm     .   (no cloak)
rCorr   .          Rampage  .   (gloves unavailable)
Will    .....                   (boots unavailable)
Stlth   +.........              (no amulet)
HPRegen 0.95/turn               (no ring)
MPRegen 0.08/turn               (no ring)

@: corroded
A: large, unfitting armour, claws 3, regeneration 1, shaggy fur 1, tough skin 1
a: Renounce Religion, Berserk, Trog's Hand


You were on level 3 of the Dungeon.
You worshipped Trog.
Trog was most pleased with you.
You visited 1 branch of the dungeon, and saw 3 of its levels.

You collected 105 gold pieces.

Inventory:

Missiles
 h - 6 poisoned darts (quivered)
 i - 112 stones
Armour
 a - a +0 animal skin (worn)
Wands
 o - a wand of polymorph (14)
Scrolls
 b - 2 scrolls of enchant weapon {unknown}
 c - a scroll of fog {unknown}
 d - a scroll of holy word {unknown}
 e - 6 scrolls of identify {unknown}
 g - 4 scrolls of teleportation {unknown}
 k - a scroll of brand weapon {unknown}
 l - 2 scrolls of amnesia {unknown}
 m - a scroll of torment {unknown}
 p - a scroll of magic mapping {unknown}
Potions
 f - 3 potions of curing {unknown}
 j - a potion of might {unknown}
 n - a potion of attraction {unknown}


   Skills:
 * Level 3.2 Fighting
 + Level 0.8 Throwing
 - Level 3.0 Dodging
 * Level 3.9 Unarmed Combat


You had 3 spell levels left.
You didn't know any spells.
Your spell library was empty.

Dungeon Overview and Level Annotations

Branches:
Dungeon (3/15)

Altars:

Annotations:
D:3 Ijyb


Innate Abilities, Weirdness & Mutations

You are too large for most types of armour.
You have claws for hands.
Your natural rate of healing is unusually fast.
You are covered in fur. (AC +1)
You have tough skin. (AC +1)


Message History

A ball python comes into view.
The ball python hisses angrily.
A ball python comes into view.
The ball python moves out of view.
A ball python is nearby!
A ball python is nearby!
A ball python is nearby!
A ball python is nearby!
A ball python is nearby!
Found a ring mail.
The ball python hisses angrily.
Ijyb the Twisted Goblin comes into view.
She is wielding a +0 club, wearing a +3 scale mail of poison resistance and carrying a wand of acid (11).
A worm comes into view.
Found 6 gold pieces.
Found a stone staircase leading down and a stone staircase leading up.
Ijyb shouts!
You scratch Ijyb.
Ijyb is lightly wounded.
The ball python bites you but does no damage.
Ijyb barely misses you.
You scratch Ijyb.
Ijyb is moderately wounded.
The ball python misses you.
Ijyb zaps a wand.
The bolt of acid hits you!! The acid corrodes you!
You barely miss Ijyb.
Ijyb is moderately wounded.
The ball python closely misses you.
Ijyb zaps a wand.
The bolt of acid hits you!!
Ouch! That really hurt!
* * * LOW HITPOINT WARNING * * *
You are too injured to fight recklessly!
You are too injured to fight recklessly!
You are too injured to fight recklessly!
You are too injured to fight recklessly!
Ijyb zaps a wand.
The bolt of acid hits the ball python!!
The acid corrodes the ball python!
The ball python dies!
The bolt of acid hits you!!
Ouch! That really hurt!
You die...

..#............ ..
#.#.#...#####.# #.
#.#...).......# #.
#.........##.## # ##.
####..)..###)# #.> ..
........## #)##
#...##. #.......##
#...
......S###.###.....
####
......g†@..##..≈≈≈§§
......###..##.§≈≈≈§§#
$.[.. #..#
≈≈≈§≈.##### <... #..#
#.... ... #..# #####
.. #..# .
#..############
#.............###
######.##.###....


You could see Ijyb and a ball python.

Vanquished Creatures
  3 gnolls (D:3)
  A worm (D:2)
  2 dart slugs
  3 orcs (D:3)
  4 endoplasms
  A giant cockroach (D:3)
  6 goblins
  6 hobgoblins
  3 quokkas (D:2)
  8 ball pythons
  5 bats
  3 frilled lizards
  6 kobolds
  9 rats
60 creatures vanquished.

Vanquished Creatures (others)
  A ball python (D:3)
1 creature vanquished.

Grand Total: 61 creatures vanquished

Notes
Turn   | Place    | Note
-------+----------+-------------------------------------------
     0 | D:1      | kevlar127 the Troll Berserker began the quest for the Orb.
     0 | D:1      | Reached XP level 1. HP: 22/22 MP: 0/0
   154 | D:1      | Found a faded altar of an unknown god.
   292 | D:1      | Reached XP level 2. HP: 26/29 MP: 1/1
   967 | D:2      | Identified the +5 dagger of Putrescence {vorpal, Int+3}
  1008 | D:2      | Reached ** piety under Trog
  1012 | D:2      | Reached XP level 3. HP: 36/36 MP: 2/2
  1646 | D:3      | Reached XP level 4. HP: 45/45 MP: 3/3
  1824 | D:3      | Reached *** piety under Trog
  1886 | D:3      | Noticed Ijyb
  1891 | D:3      | Killed from afar by Ijyb

Illustrated notes

Levels and vault maps discovered:
D:1:      dpeg_arrival_round_a, layout_loops_ring,
          hellmonk_ecumenical_altar_blasted, kennysheep_flooded_box,
          hangedman_decor_peaks_small
D:2:      layout_loops_ring, minmay_tromino_mix6
D:3:      layout_loops_ring, nicolae_ru_the_path_less_chosen, serial_shops,
          nicolae_lakefront_shop, kennysheep_minor_cross, uniq_ijyb

Skill      XL: |  1  2  3 |
---------------+----------+-----
Fighting       | 3 |  3.2
Dodging        | 3 |  3.0
Throwing       | |  0.8
Unarmed Combat | |  3.9

Action                   |  1- 3 |  4- 6 || total
-------------------------+-------+-------++-------
Melee: Unarmed           |   135 |    28 ||   163
Armor: Animal skin       |    49 |    14 ||    63
Dodge: Dodged            |    56 |    11 ||    67

Table legend: (Time is in decaauts)
 A = Elapsed time spent in this place.
 B = Non-inter-level travel time spent in this place.
 C = Inter-level travel time spent in this place.
 D = Time resting spent in this place.
 E = Time spent auto-exploring this place.
 F = Levels seen in this place.
 G = Mean time per level.
                   A        B        C        D        E       F      G
               +--------+--------+--------+--------+--------+-----+--------+
         Total |   1880 |   1785 |     95 |      0 |   1443 |   3 |  626.7 |
       Dungeon |   1880 |   1785 |     95 |      0 |   1443 |   3 |  626.7 |
               +--------+--------+--------+--------+--------+-----+--------+

Top non-repeatable levels by time:
     D:1: 907 daAuts
     D:2: 654 daAuts
     D:3: 318 daAuts
